 Dungeon Crawl Stone Soup version 0.22-a0-877-g5c4e1afb51 (webtiles) character file.

146 Ablot the Charmwright (level 5, -1/43 HPs)
             Began as a Gnoll Skald on July 29, 2018.
             Slain by a worker ant (5 damage)
             ... in the Ecumenical Temple.
             The game lasted 00:07:55 (2855 turns).

Ablot the Charmwright (Gnoll Skald)                 Turns: 2855, Time: 00:07:55

Health: -1/43      AC:  3    Str: 15    XL:     5   Next: 28%
Magic:  11/12      EV: 14    Int: 15    God:
Gold:   131        SH:  0    Dex: 14    Spells: 3/14 levels left

rFire    . . .     SeeInvis .   a - +0 short sword
rCold    . . .     Gourm    .   (no shield)
rNeg     . . .     Faith    .   b - +0 leather armour
rPois    .         Spirit   .   (no helmet)
rElec    .         Reflect  .   n - scarf {repulsion}
rCorr    .         Harm     .   (no gloves)
MR       .....                  (no boots)
Stlth    +.........             (no amulet)
HPRegen  1.14/turn              (no ring)
MPRegen  0.13/turn              (no ring)

@: confused, lethally poisoned (-1 -> -4), regenerating, repel missiles
A: distributed training, fangs 1, strong nose
a: no special abilities


You were in the Ecumenical Temple.
You were not hungry.

You visited 2 branches of the dungeon, and saw 5 of its levels.

You collected 131 gold pieces.

Inventory:

Hand Weapons
 a - a +0 short sword (weapon)
 g - a +0 flail of protection
 u - a +1 falchion of slicing
Missiles
 f - 36 arrows
 h - 29 sling bullets
 o - 28 poisoned needles
Armour
 b - a +0 leather armour (worn)
 n - a scarf of repulsion (worn)
Jewellery
 s - a +3 ring of protection {unknown}
Scrolls
 c - 4 scrolls of identify {unknown}
 e - 4 scrolls of remove curse {unknown}
 l - a scroll of noise {unknown}
 m - a scroll of fog {unknown}
 p - a scroll of magic mapping {unknown}
 q - 2 scrolls of enchant armour {unknown}
 t - 2 scrolls of blinking {unknown}
Potions
 j - a potion of experience {unknown}
 k - a potion of haste {unknown}
Comestibles
 d - 3 rations
 r - a chunk of flesh


   Skills:
 + Level 4.7 Fighting
 + Level 4.7 Short Blades
 + Level 1.4 Long Blades
 + Level 1.4 Axes
 + Level 1.4 Maces & Flails
 + Level 1.4 Polearms
 + Level 1.4 Staves
 + Level 1.4 Slings
 + Level 1.4 Bows
 + Level 1.4 Crossbows
 + Level 1.4 Throwing
 + Level 2.9 Armour
 + Level 4.7 Dodging
 + Level 1.4 Stealth
 + Level 1.4 Shields
 + Level 1.4 Unarmed Combat
 + Level 5.1 Spellcasting
 + Level 1.1 Conjurations
 + Level 1.1 Hexes
 + Level 5.5 Charms
 + Level 1.1 Summonings
 + Level 1.1 Necromancy
 + Level 1.1 Translocations
 + Level 1.1 Transmutations
 + Level 1.1 Fire Magic
 + Level 1.1 Ice Magic
 + Level 1.1 Air Magic
 + Level 1.1 Earth Magic
 + Level 1.1 Poison Magic
 + Level 1.5 Invocations
 + Level 1.4 Evocations


You had 3 spell levels left.
You knew the following spells:

 Your Spells              Type           Power        Failure   Level  Hunger
a - Infusion              Chrm           ###.         1%          1    None
b - Song of Slaying       Chrm           ###.....     3%          2    ##.....
c - Shroud of Golubria    Chrm/Tloc      ##........   8%          2    ##.....
d - Regeneration          Chrm/Necr      ##........   16%         3    ###....
e - Spectral Weapon       Hex/Chrm       ##......     16%         3    ###....

Your spell library contained the following spells:

 Spells                   Type           Power        Failure   Level  Hunger


Dungeon Overview and Level Annotations

Branches:
Dungeon (4/15)             Temple (1/1) D:4

Altars:
Hepliaklqana
Qazlal
Wu Jian


Innate Abilities, Weirdness & Mutations

Your experience applies equally to all skills.
You have very sharp teeth.
Your uncanny sense of smell can sniff out nearby items.


Message History

Your skin crawls.
The worker ant bites you.
* * * LOW HITPOINT WARNING * * *
You are more poisoned.
The worker ant poisons you!
The worker ant bites you but does no damage.
You barely miss the worker ant.
The worker ant is moderately wounded.
You feel sick. The worker ant bites you!
* * * LOW HITPOINT WARNING * * *
You are lethally poisoned!
The worker ant poisons you!
* * * LOW HITPOINT WARNING * * *
You feel sick.
* * * LOW HITPOINT WARNING * * *
You feel sick.
The worker ant waves its antennae.
It was a potion of ambrosia.
You are confused.
You feel invigorated.
You feel sick. The worker ant bites you.
You die...

............♣
............♣
............♣
............♣
....⌠.....⌠.♣
............♣
.......<....♣
.......a....♣
....⌠..@..⌠.♣
............♣
............♣
............♣
............♣
.P..........♣
....8.....8.♣
............♣


You could see a worker ant.

Vanquished Creatures
  An orc wizard (D:3)
  2 adders (D:3)
  An ooze (D:2)
  A dart slug (D:2)
  3 leopard geckos
  3 orcs (D:3)
  9 bats
  6 giant cockroaches
  10 hobgoblins
  4 jackals (D:2)
  9 kobolds
  A quokka (D:2)
  3 ball pythons
  5 frilled lizards
  13 goblins
  9 rats
80 creatures vanquished.

Notes
Turn   | Place    | Note
-------+----------+-------------------------------------------
     0 | D:1      | Ablot the Gnoll Skald began the quest for the Orb.
     0 | D:1      | Reached XP level 1. HP: 20/20 MP: 6/6
   144 | D:1      | Reached XP level 2. HP: 26/26 MP: 7/7
   192 | D:1      | Learned a level 2 spell: Song of Slaying
   195 | D:1      | Learned a level 2 spell: Shroud of Golubria
   591 | D:1      | Reached XP level 3. HP: 30/31 MP: 9/9
   751 | D:1      | Reached skill level 5 in Spellcasting
  1207 | D:2      | Learned a level 3 spell: Regeneration
  1211 | D:2      | Learned a level 3 spell: Spectral Weapon
  1265 | D:2      | Reached skill level 1 in Invocations
  1527 | D:2      | Reached skill level 1 in Long Blades
  1527 | D:2      | Reached skill level 1 in Axes
  1527 | D:2      | Reached skill level 1 in Maces & Flails
  1527 | D:2      | Reached skill level 1 in Polearms
  1527 | D:2      | Reached skill level 1 in Staves
  1527 | D:2      | Reached skill level 1 in Slings
  1527 | D:2      | Reached skill level 1 in Bows
  1527 | D:2      | Reached skill level 1 in Crossbows
  1527 | D:2      | Reached skill level 1 in Throwing
  1527 | D:2      | Reached skill level 1 in Stealth
  1527 | D:2      | Reached skill level 1 in Shields
  1527 | D:2      | Reached skill level 1 in Unarmed Combat
  1527 | D:2      | Reached skill level 1 in Evocations
  1567 | D:2      | Reached XP level 4. HP: 24/38 MP: 9/11
  1808 | D:2      | Found a stormy altar of Qazlal.
  2235 | D:3      | Reached skill level 1 in Conjurations
  2235 | D:3      | Reached skill level 1 in Hexes
  2235 | D:3      | Reached skill level 1 in Summonings
  2235 | D:3      | Reached skill level 1 in Necromancy
  2235 | D:3      | Reached skill level 1 in Translocations
  2235 | D:3      | Reached skill level 1 in Transmutations
  2235 | D:3      | Reached skill level 1 in Fire Magic
  2235 | D:3      | Reached skill level 1 in Ice Magic
  2235 | D:3      | Reached skill level 1 in Air Magic
  2235 | D:3      | Reached skill level 1 in Earth Magic
  2235 | D:3      | Reached skill level 1 in Poison Magic
  2428 | D:3      | Found an ornate altar of the Wu Jian Council.
  2589 | D:3      | HP: 1/38 [orc/flail of protection (6)]
  2615 | D:3      | Reached XP level 5. HP: 15/43 MP: 1/12
  2743 | D:3      | Found a hazy altar of Hepliaklqana.
  2830 | D:4      | Found a staircase to the Ecumenical Temple.
  2838 | Temple   | Entered the Ecumenical Temple
  2854 | Temple   | HP: 2/43 [poisoned by a worker ant]
  2855 | Temple   | Slain by a worker ant

Vault maps used:
D:1:      lemuel_arrival_behind_the_door_small
D:2:      kennysheep_the_goblin_king, marbit_many_paths
D:3:      lemuel_doored_altar, lemuel_coloured_pillars_altar, first_ration,
          minmay_fountain_box
D:4:      minmay_temple_entry_crystal_x, serial_shops, nicolae_shop_crystal,
          st_stairs_3, okawaru_ov_weapons_minmay
Temple:   jpeg_temple_alley_garden

Skill      XL: |  1  2  3  4 |
---------------+-------------+-----
Spellcasting   | 5 |  5.1
Invocations    | 1 |  1.5
Long Blades    | 1 |  1.4
Axes           | 1 |  1.4
Maces & Flails | 1 |  1.4
Polearms       | 1 |  1.4
Staves         | 1 |  1.4
Slings         | 1 |  1.4
Bows           | 1 |  1.4
Crossbows      | 1 |  1.4
Throwing       | 1 |  1.4
Stealth        | 1 |  1.4
Shields        | 1 |  1.4
Unarmed Combat | 1 |  1.4
Evocations     | 1 |  1.4
Conjurations   | 1 |  1.1
Hexes          | 1 |  1.1
Summonings     | 1 |  1.1
Necromancy     | 1 |  1.1
Translocations | 1 |  1.1
Transmutations | 1 |  1.1
Fire Magic     | 1 |  1.1
Ice Magic      | 1 |  1.1
Air Magic      | 1 |  1.1
Earth Magic    | 1 |  1.1
Poison Magic   | 1 |  1.1
Fighting       | |  4.7
Short Blades   | |  4.7
Armour         | |  2.9
Dodging        | |  4.7
Charms         | |  5.5

Action                   |  1- 3 |  4- 6 || total
-------------------------+-------+-------++-------
Melee: Short sword       |   158 |   189 ||   347
       Bite              |    13 |    13 ||    26
 Cast: Song of Slaying   |     2 |     4 ||     6
       Shroud of Golubri |     3 |     2 ||     5
       Regeneration      |       |     8 ||     8
  Use: Potion            |       |     2 ||     2
 Stab: Sleeping          |       |     1 ||     1
  Eat: Chunk             |     2 |     6 ||     8
Armor: Leather armour    |    38 |    36 ||    74
       Skin              |       |    43 ||    43
Dodge: Dodged            |   162 |   137 ||   299
       Deflected         |       |     6 ||     6

Table legend:
 A = Spawn XP
 B = Non-spawn XP
 C = Spawn XP percentage of total XP
 D = Spawn monster count
 E = Non-spawn monster count
 F = Spawn count percentage of total count
 G = Total turns spent on level
                    A         B        C        D         E        F      G
               +---------+---------+-------+---------+---------+-------+---------
         Total |       0 |     209 |   0.0 |       0 |      80 |   0.0 |  2855
               +---------+---------+-------+---------+---------+-------+---------
           D:1 |       0 |      46 |   0.0 |       0 |      27 |   0.0 |  1202
           D:2 |       0 |      67 |   0.0 |       0 |      34 |   0.0 |   961
           D:3 |       0 |      96 |   0.0 |       0 |      19 |   0.0 |   667
               +---------+---------+-------+---------+---------+-------+---------
